 Dungeon Crawl Stone Soup version 0.32-a0-918-g0f22ef8d61 (console) character file.

Game seed: 556470745180171709

10599 jejorda2 the Spear-Bearer (level 11, -2/133 HPs)
             Began as a Gnoll Berserker on Apr 10, 2024.
             Was a High Priest of Trog.
             Slain by a skeletal warrior
             ... wielding a +0 glaive
              (10 damage)
             ... on level 9 of the Dungeon.
             The game lasted 00:25:31 (9380 turns).

jejorda2 the Spear-Bearer (Gnoll Berserker)         Turns: 9380, Time: 00:25:33

Health: -2/133     AC: 21    Str: 21    XL:     11   Next: 64%
Magic:  21/21      EV:  8    Int:  6    God:    Trog [*****.]
Gold:   1001       SH:  5    Dex: 12    Spells: 23/23 levels left

rFire   . . .        b - +4 halberd
rCold   + + .        (shield currently unavailable)
rNeg    . . .        n - +0 plate armour
rPois   .            (no helmet)
rElec   .            r - +2 cloak
rCorr   .            h - +3 pair of gauntlets of War {Slay+5}
SInv    .            (no boots)
Will    ++...        x - amulet of reflection Stlth
                     y - ring of protection from cold
HPRegen 1.42/turn    F - ring of protection from cold
MPRegen 0.17/turn

%: reflection
@: berserking (expiring), strong-willed, regenerating, very quick
A: fangs 1, strong nose, distributed training
a: Renounce Religion, Berserk, Trog's Hand, Brothers in Arms


You were on level 9 of the Dungeon.
You worshipped Trog.
Trog was extremely pleased with you.
You visited 2 branches of the dungeon, and saw 10 of its levels.
You also visited: Bailey.

You collected 1001 gold pieces.

Inventory:

Hand Weapons
 b - a +4 halberd (weapon)
 D - the +1 dagger of the Pharaoh's Fist {flame, Fly rPois rC+ MP+9}
   (You found it on level 9 of the Dungeon)

   rC+:       It protects you from cold.
   rPois:     It protects you from poison.
   MP+9:      It affects your magic capacity (+9).
   Fly:       It grants you flight.
Missiles
 c - 9 poisoned darts (quivered)
 k - 22 boomerangs
 C - a throwing net
Armour
 h - the +3 pair of gauntlets of War (worn) {Slay+5}
   (You found it on level 1 of the Dungeon)

   Slay+5:    It affects your accuracy & damage with ranged weapons and melee
   (+5).
 n - a +0 plate armour (worn)
 r - a +2 cloak (worn)
Jewellery
 x - an amulet of reflection (around neck)
 y - a ring of protection from cold (left hand)
 F - a ring of protection from cold (right hand)
Wands
 e - a wand of warping (4)
 p - a wand of flame (29)
 w - a wand of acid (9)
Scrolls
 d - 2 scrolls of enchant weapon
 m - 3 scrolls of fear
 s - a scroll of butterflies
 t - 3 scrolls of blinking
 u - 3 scrolls of revelation
 A - 2 scrolls of silence
Potions
 f - 2 potions of mutation
 g - a potion of lignification
 i - 6 potions of curing
 l - 3 potions of heal wounds
 o - 2 potions of haste
 q - 4 potions of resistance
 v - a potion of ambrosia {unknown}
 z - a potion of attraction {unknown}
 B - a potion of enlightenment {unknown}


   Skills:
 + Level 9.5 Fighting
 + Level 6.7 Short Blades
 + Level 6.7 Long Blades
 + Level 6.7 Axes
 + Level 6.7 Maces & Flails
 + Level 9.5 Polearms
 + Level 6.7 Staves
 + Level 6.7 Ranged Weapons
 + Level 6.7 Throwing
 + Level 8.2 Armour
 + Level 8.2 Dodging
 + Level 6.7 Stealth
 + Level 6.7 Shields
 + Level 6.7 Unarmed Combat
 + Level 6.7 Spellcasting
 + Level 5.6 Conjurations
 + Level 5.6 Hexes
 + Level 5.6 Summonings
 + Level 5.6 Necromancy
 + Level 5.6 Translocations
 + Level 5.6 Fire Magic
 + Level 5.6 Ice Magic
 + Level 5.6 Air Magic
 + Level 5.6 Earth Magic
 + Level 5.6 Alchemy
 + Level 7.4 Invocations
 + Level 6.7 Evocations
 + Level 6.1 Shapeshifting


You had 23 spell levels left.
You didn't know any spells.
Your spell library was empty.

Dungeon Overview and Level Annotations

Branches:
Dungeon (9/15)             Temple (1/1) D:7            Lair (0/5) D:9
    Orc (0/2) D:9          Bailey (visited)

Altars:
Ashenzari
Cheibriados
Dithmenos
Elyvilon
Fedhas
Gozag
Hepliaklqana
Kikubaaqudgha
Makhleb
Nemelex Xobeh
Okawaru
Qazlal
Ru
Sif Muna
Trog
Uskayaw
Vehumet
Wu Jian
Xom
Yredelemnul
Zin
The Shining One

Shops:
D:3 (   D:8 [

Annotations:
D:9 Arkalis's ghost, novice CoMo
Temple 2 transporters


Innate Abilities, Weirdness & Mutations

You have very sharp teeth.
Your uncanny sense of smell can sniff out nearby items.
Your experience applies equally to all skills.


Message History

You feel sick.
Arkalis's ghost hits you but does no damage.
The death knight hits you from afar with a +0 glaive!
You impale Arkalis's ghost!!
Arkalis's ghost is heavily damaged.
You feel sick.
You are no longer poisoned.
The skeletal warrior hits you from afar with a +0 glaive.
You slash Arkalis's ghost! You bite Arkalis's ghost.
Arkalis's ghost is severely damaged.
Arkalis's ghost hits you but does no damage.
The death knight hits you from afar with a +0 glaive!
The skeletal warrior hits you from afar with a +0 glaive!
You are too injured to fight recklessly!
You are too injured to fight recklessly!
You are too injured to fight recklessly!
You are too injured to fight recklessly!
You are too injured to fight recklessly!
You miss Arkalis's ghost.
Arkalis's ghost is severely damaged.
Arkalis's ghost barely misses you.
The death knight hits you from afar with a +0 glaive!!
* * * LOW HITPOINT WARNING * * *
The skeletal warrior hits you but does no damage.
You hit Arkalis's ghost. You bite Arkalis's ghost.
Arkalis's ghost is severely damaged.
You barely miss Arkalis's ghost. Your bite misses Arkalis's ghost.
Arkalis's ghost is severely damaged.
Arkalis's ghost hits you.
* * * LOW HITPOINT WARNING * * *
The death knight closely misses you.
You block the skeletal warrior's attack.
You closely miss Arkalis's ghost.
Arkalis's ghost is severely damaged.
Arkalis's ghost hits you.
* * * LOW HITPOINT WARNING * * *
The death knight hits you from afar with a +0 glaive!!
* * * LOW HITPOINT WARNING * * *
The skeletal warrior hits you from afar with a +0 glaive!
You die...

## #..## ##............. .# ##..#
#...........#. .# #..#
#......)...#.. .# ##..#
##.........~).. ## ##...#
#...###........ # ##<.###
###...###.......# # ##..##
#...............# ##..##
##.#...###.....#..
#..#########@....#.##.....#..
##..##∩ß.##.W###...#..........
#..##∩.$.$#pz###...##......#..
#..##ß.$..'.k#...............#
#..##∩.ß_$'....#..............
#>.##ß..$.'..#.#........#....#
#..##..$.$#...[....##.........
####..###.ß.##..#................
.#....# ######.....##............


You could see a death knight (reflects damage), a skeletal warrior, a wyvern and
Arkalis's ghost.

Vanquished Creatures
  2 vault guards (Bailey)
  Maurice (D:7)
  The ghost of hellokittymahmut the Thaumaturge, a novice DECj (D:5)
  A rime drake (D:9)
  A polar bear (D:9)
  A troll (D:7)
  Prince Ribbit (Bailey)
  Grinder (D:5)
  A wyvern (D:7)
  Eustachio (D:5)
  5 humans (Bailey)
  4 yaks (D:8)
  5 steam dragons
  A water moccasin (D:9)
  6 orc warriors
  A swamp drake (D:9)
  6 ice beasts
  A sky beast (D:6)
  A wolf (D:9)
  4 ogres
  A black bear (D:7)
  6 centaurs
  2 kobold brigands
  12 bullfrogs
  A gnoll sergeant (D:9)
  4 scorpions
  11 wights
  4 howler monkeys
  A bombardier beetle (D:5)
  6 hounds
  A jelly (D:5)
  6 orc priests
  3 gnoll boudas
  2 iguanas
  A sleepcap (D:7)
  8 orc wizards
  14 gnolls
  3 adders
  A shadow imp (D:6)
  3 ufetubi
  3 dart slugs
  32 orcs
  6 bats
  9 endoplasms
  2 giant cockroaches (D:4)
  10 goblins
  7 hobgoblins
  3 quokkas
  7 ball pythons
  6 frilled lizards
  7 kobolds
  3 rats
230 creatures vanquished.

Vanquished Creatures (others)
  A howler monkey (D:7)
  2 orc wizards (D:8)
3 creatures vanquished.

Grand Total: 233 creatures vanquished

Notes
Turn   | Place    | Note
-------+----------+-------------------------------------------
     0 | D:1      | jejorda2 the Gnoll Berserker began the quest for the Orb.
     0 | D:1      | Reached XP level 1. HP: 23/23 MP: 1/1
    66 | D:1      | Reached XP level 2. HP: 27/29 MP: 2/2
   236 | D:1      | Reached XP level 3. HP: 33/35 MP: 3/3
   513 | D:1      | Found the +3 pair of gauntlets of War {Slay+5}
   614 | D:1      | Reached ** piety under Trog
   767 | D:1      | Reached skill level 1 in Invocations
   996 | D:1      | Found a faded altar of an unknown god.
  1247 | D:2      | Reached skill level 1 in Short Blades
  1247 | D:2      | Reached skill level 1 in Long Blades
  1247 | D:2      | Reached skill level 1 in Axes
  1247 | D:2      | Reached skill level 1 in Maces & Flails
  1247 | D:2      | Reached skill level 1 in Staves
  1247 | D:2      | Reached skill level 1 in Ranged Weapons
  1247 | D:2      | Reached skill level 1 in Throwing
  1247 | D:2      | Reached skill level 1 in Stealth
  1247 | D:2      | Reached skill level 1 in Shields
  1247 | D:2      | Reached skill level 1 in Unarmed Combat
  1247 | D:2      | Reached skill level 1 in Spellcasting
  1247 | D:2      | Reached skill level 1 in Evocations
  1414 | D:2      | Found a burning altar of Makhleb.
  1952 | D:3      | Reached skill level 1 in Shapeshifting
  1952 | D:3      | Reached XP level 4. HP: 41/41 MP: 5/5
  2130 | D:3      | Found Arphicza's Antique Weapon Shop.
  2445 | D:4      | Reached skill level 1 in Conjurations
  2445 | D:4      | Reached skill level 1 in Hexes
  2445 | D:4      | Reached skill level 1 in Summonings
  2445 | D:4      | Reached skill level 1 in Necromancy
  2445 | D:4      | Reached skill level 1 in Translocations
  2445 | D:4      | Reached skill level 1 in Fire Magic
  2445 | D:4      | Reached skill level 1 in Ice Magic
  2445 | D:4      | Reached skill level 1 in Air Magic
  2445 | D:4      | Reached skill level 1 in Earth Magic
  2445 | D:4      | Reached skill level 1 in Alchemy
  2499 | D:4      | Reached XP level 5. HP: 36/47 MP: 5/7
  2647 | D:4      | Found a shadowy altar of Dithmenos.
  2708 | D:4      | Found a radiant altar of Vehumet.
  2760 | D:4      | Reached *** piety under Trog
  2900 | D:4      | Noticed an ogre
  2989 | D:4      | Killed an ogre
  2990 | D:4      | Reached XP level 6. HP: 53/53 MP: 8/8
  3013 | D:4      | Reached skill level 5 in Armour
  3013 | D:4      | Reached skill level 5 in Dodging
  3180 | D:5      | Entered Level 5 of the Dungeon
  3388 | D:5      | Noticed an ice beast
  3401 | D:5      | Killed an ice beast
  3402 | D:5      | Reached XP level 7. HP: 60/60 MP: 10/10
  3421 | D:5      | Found a stormy altar of Qazlal.
  3521 | D:5      | Noticed Grinder
  3532 | D:5      | Killed Grinder
  3803 | D:5      | Found a transporter.
  3806 | D:5      | Noticed hellokittymahmut's ghost (novice DECj)
  3807 | D:5      | Found a transporter.
  3864 | D:5      | Noticed Eustachio
  3879 | D:5      | Killed Eustachio
  3880 | D:5      | Reached XP level 8. HP: 64/67 MP: 12/12
  4611 | D:6      | Reached XP level 9. HP: 73/73 MP: 14/14
  4791 | D:6      | Reached **** piety under Trog
  5114 | D:7      | Found a staircase to the Ecumenical Temple.
  5149 | D:7      | Reached skill level 5 in Invocations
  5211 | D:7      | Found a flagged portal.
  5233 | Bailey   | Entered a bailey
  5343 | Bailey   | Reached skill level 5 in Short Blades
  5343 | Bailey   | Reached skill level 5 in Long Blades
  5343 | Bailey   | Reached skill level 5 in Axes
  5343 | Bailey   | Reached skill level 5 in Maces & Flails
  5343 | Bailey   | Reached skill level 5 in Staves
  5343 | Bailey   | Reached skill level 5 in Ranged Weapons
  5343 | Bailey   | Reached skill level 5 in Throwing
  5343 | Bailey   | Reached skill level 5 in Stealth
  5343 | Bailey   | Reached skill level 5 in Shields
  5343 | Bailey   | Reached skill level 5 in Unarmed Combat
  5343 | Bailey   | Reached skill level 5 in Spellcasting
  5343 | Bailey   | Reached skill level 5 in Evocations
  5358 | Bailey   | Noticed a vault guard
  5358 | Bailey   | Noticed Prince Ribbit
  5365 | Bailey   | Killed Prince Ribbit
  5366 | Bailey   | Reached XP level 10. HP: 82/82 MP: 17/17
  5374 | Bailey   | Killed a vault guard
  5507 | Bailey   | Noticed a vault guard
  5525 | Bailey   | Killed a vault guard
  5526 | Bailey   | Reached skill level 5 in Shapeshifting
  5771 | D:7      | Noticed Maurice
  5790 | Temple   | Found a transporter.
  5790 | Temple   | Found a transporter.
  5790 | Temple   | Found a transporter.
  5790 | Temple   | Found a transporter.
  5790 | Temple   | Entered the Ecumenical Temple
  5849 | D:7      | Killed Maurice
  6043 | D:7      | Reached skill level 5 in Conjurations
  6043 | D:7      | Reached skill level 5 in Hexes
  6043 | D:7      | Reached skill level 5 in Summonings
  6043 | D:7      | Reached skill level 5 in Necromancy
  6043 | D:7      | Reached skill level 5 in Translocations
  6043 | D:7      | Reached skill level 5 in Fire Magic
  6043 | D:7      | Reached skill level 5 in Ice Magic
  6043 | D:7      | Reached skill level 5 in Air Magic
  6043 | D:7      | Reached skill level 5 in Earth Magic
  6043 | D:7      | Reached skill level 5 in Alchemy
  6091 | D:7      | Reached XP level 11. HP: 72/89 MP: 20/20
  6695 | D:8      | Found Siegfried's Dragon-Slaying Spoils.
  7743 | D:5      | Killed hellokittymahmut's ghost
  7871 | D:9      | Found a runed translucent gate.
  7873 | D:9      | Found a runed translucent gate.
  7873 | D:9      | Found an opulent altar of Gozag.
  7874 | D:9      | Found a runed translucent gate.
  8509 | D:9      | Noticed Arkalis's ghost (novice CoMo)
  8510 | D:9      | Noticed a death knight
  8510 | D:9      | Noticed a skeletal warrior
  8654 | D:9      | Found a staircase to the Lair.
  8983 | D:9      | Reached ***** piety under Trog
  9058 | D:9      | Found a staircase to the Orcish Mines.
  9137 | D:9      | Identified the +1 dagger of the Pharaoh's Fist {flame, Fly
                  | rPois rC+ MP+9}
  9380 | D:9      | Slain by a skeletal warrior

Illustrated notes

Levels and vault maps discovered:
D:1:      grunt_arrival_lava_bath, layout_basic,
          dreamdust_ecumenical_altar_hidden_monk_grotto, nrook_loot_triangle,
          nicolae_grassy_gnolls
D:2:      layout_basic, basic_altar
D:3:      layout_rooms, serial_shops, shop
D:4:      kennysheep_big_flooded_room, layout_cave_pools,
          mainiacjoe_overflow_catch_the_wave, serial_column_ruins,
          column_ruins_hut, column_ruins_square_medium, column_ruins_grid_1,
          column_ruins_open_large, column_ruins_corridor_straight,
          column_ruins_columns_straight, column_ruins_corridor_straight
D:5:      layout_loops_cross, amcnicky_altar_gilded, gammafunk_ghost_smash,
          uniq_eustachio, uniq_grinder
D:6:      layout_basic
D:7:      minmay_polygon_palace, layout_basic, minmay_temple_entry_grid,
          enter_bailey_4, uniq_maurice
D:8:      layout_cave_pods, nicolae_shop_dragon_depot
D:9:      layout_layer_cave, hellmonk_lair_entry_icy, erik_orc_1,
          ebering_ghost_gozag, minmay_misc_feat_room, minmay_between
Temple:   hellmonk_temple_divided_pantheon

Skill      XL: |  1  2  3  4  5  6  7  8  9 10 11 |
---------------+----------------------------------+-----
Invocations    | 1 2 3 4 5 6 7 |  7.4
Short Blades   | 1 2 3 5 6 |  6.7
Long Blades    | 1 2 3 5 6 |  6.7
Axes           | 1 2 3 5 6 |  6.7
Maces & Flails | 1 2 3 5 6 |  6.7
Staves         | 1 2 3 5 6 |  6.7
Ranged Weapons | 1 2 3 5 6 |  6.7
Throwing       | 1 2 3 5 6 |  6.7
Stealth        | 1 2 3 5 6 |  6.7
Shields        | 1 2 3 5 6 |  6.7
Unarmed Combat | 1 2 3 5 6 |  6.7
Spellcasting   | 1 2 3 5 6 |  6.7
Evocations     | 1 2 3 5 6 |  6.7
Shapeshifting  | 1 2 3 4 5 6 |  6.1
Conjurations   | 1 2 3 4 5 |  5.6
Hexes          | 1 2 3 4 5 |  5.6
Summonings     | 1 2 3 4 5 |  5.6
Necromancy     | 1 2 3 4 5 |  5.6
Translocations | 1 2 3 4 5 |  5.6
Fire Magic     | 1 2 3 4 5 |  5.6
Ice Magic      | 1 2 3 4 5 |  5.6
Air Magic      | 1 2 3 4 5 |  5.6
Earth Magic    | 1 2 3 4 5 |  5.6
Alchemy        | 1 2 3 4 5 |  5.6
Armour         | 5 6 7 8 |  8.2
Dodging        | 5 6 7 8 |  8.2
Fighting       | 7 8 9 |  9.5
Polearms       | 7 8 9 |  9.5

Action                     |  1- 3 |  4- 6 |  7- 9 | 10-12 || total
---------------------------+-------+-------+-------+-------++-------
  Melee: Spear             |   110 |   125 |    65 |       ||   300
         Bite              |    11 |     8 |    18 |    40 ||    77
         Trident           |       |       |    77 |   232 ||   309
         Halberd           |       |       |    97 |   131 ||   228
  Throw: Dart              |       |     3 |       |     1 ||     4
 Invoke: Berserk           |       |     2 |     4 |     6 ||    12
         Trog's Hand       |       |       |     3 |     4 ||     7
  Evoke: Wand              |       |       |       |     1 ||     1
    Use: Scroll            |       |       |     5 |    15 ||    20
 Armour: Scale mail        |    29 |    28 |       |       ||    57
         Animal skin       |     2 |       |       |       ||     2
         Chain mail        |       |    24 |   153 |     5 ||   182
         Plate armour      |       |       |       |   272 ||   272
  Dodge: Dodged            |    25 |    51 |    63 |    94 ||   233
  Block: Other             |       |       |       |    30 ||    30
         Reflection        |       |       |       |     3 ||     3

Table legend: (Time is in decaauts)
 A = Elapsed time spent in this place.
 B = Non-inter-level travel time spent in this place.
 C = Inter-level travel time spent in this place.
 D = Time resting spent in this place.
 E = Time spent auto-exploring this place.
 F = Levels seen in this place.
 G = Mean time per level.
                   A        B        C        D        E       F      G
               +--------+--------+--------+--------+--------+-----+--------+
         Total |   9389 |   8794 |    595 |    418 |   6475 |  11 |  853.5 |
       Dungeon |   8881 |   8286 |    595 |    284 |   6292 |   9 |  986.8 |
        Temple |     48 |     48 |      0 |     29 |     15 |   1 |   48.0 |
        Bailey |    459 |    459 |      0 |    105 |    167 |   1 |  459.0 |
               +--------+--------+--------+--------+--------+-----+--------+

Top non-repeatable levels by time:
     D:9: 1496 daAuts
     D:8: 1147 daAuts
     D:7: 1045 daAuts
     D:5: 1040 daAuts
     D:1: 1018 daAuts
     D:6: 990 daAuts
     D:2: 828 daAuts
     D:4: 768 daAuts
     D:3: 545 daAuts
  Bailey: 459 daAuts
  Temple: 48 daAuts
